AoeStats
← grim9889

Arabia

510093417Analyzed
1v1 RM · 4d ago on Sep 29, 2026· 72m 44s· 2 players
Game mode
Random Map
Map size
Tiny (2 player)
Population
200
Speed
Normal
Resources
Standard
Victory
Conquest
Starting age
Dark Age
Ending age
Imperial Age
RankedLock teamsTeams togetherTeam positionsShared explorationLock speedFull tech treeHidden civsTurbo modeCheats
Victory
Defeat
🇮🇪 Mongols · Ireland
881
+17
🇿🇦 Aztecs · South Africa
903
-48
wayneod
9:55 Feudal Age
11:02 Loom
11:08 Double-Bit Axe
12:04 Horse Collar
12:38 Gold Mining
16:44 Fletching
20:57 Castle Age
18:37 Man-at-Arms
21:37 Forging
21:16 Crossbowman
22:23 Scale Mail Armor
23:47 Bow Saw
24:17 Wheelbarrow
23:50 Stone Mining
25:12 Bodkin Arrow
26:18 Heavy Plow
27:28 Long Swordsman
33:40 Imperial Age
31:00 Town Watch
32:04 Gold Shaft Mining
33:26 Padded Archer Armor
32:52 Pikeman
35:37 Thumb Ring
35:14 Capped Ram
36:36 Hand Cart
36:47 Conscription
37:19 Arbalester
38:41 Siege Ram
40:04 Two-Handed Swordsman
41:10 Arson
40:46 Champion
41:58 Elite Steppe Lancer
44:08 Bracer
44:27 Leather Archer Armor
46:08 Town Patrol
47:01 Bloodlines
49:28 Scale Barding Armor
49:59 Iron Casting
50:31 Stone Shaft Mining
58:15 Blast Furnace
57:35 Chain Barding Armor
57:31 Chain Mail Armor
56:41 Elite Mangudai
62:08 Chemistry
61:26 Fortified Wall
61:09 Guard Tower
61:18 Murder Holes
62:39 Devotion
63:07 Husbandry
69:12 Spies/Treason
71:28 Plate Mail Armor
grim9889
7:10 Loom
10:56 Feudal Age
11:20 Horse Collar
13:29 Double-Bit Axe
14:26 Wheelbarrow
21:02 Fletching
22:09 Stone Mining
31:35 Castle Age
29:36 Gold Mining
32:02 Pikeman
32:43 Squires
32:30 Gambesons
32:32 Arson
32:09 Eagle Warrior
33:33 Stone Shaft Mining
33:34 Gold Shaft Mining
35:11 Bow Saw
35:41 Heavy Plow
36:44 Elite Skirmisher
51:37 Hand Cart
Connection lost

Rejoining the realm…

Still unreachable

The connection could not be restored.

Session expired

The server has moved on; the page needs a fresh start.